 Dungeon Crawl Stone Soup version 0.22.1-2-g9c5b331 (webtiles) character file.

8626 Fang the Cleaver (level 11, -1/102 HPs)
             Began as a Gargoyle Berserker on Dec 4, 2018.
             Was a High Priest of Trog.
             Slain by a white ugly thing (22 damage)
             ... on level 11 of the Dungeon.
             The game lasted 00:13:20 (10409 turns).

Fang the Cleaver (Gargoyle Berserker)              Turns: 10409, Time: 00:13:20

Health: -1/102     AC:  8    Str: 31    XL:     11   Next: 33%
Magic:  11/11      EV: 14    Int:  8    God:    Trog [*****.]
Gold:   441        SH:  0    Dex:  9    Spells: 10/10 levels left

rFire    . . .     SeeInvis .   b - +1 battleaxe
rCold    . . .     Gourm    .   (shield currently unavailable)
rNeg     + . .     Faith    .   v - +0 acid dragon scales
rPois    ∞         Spirit   .   k - +1 hat
rElec    +         Reflect  .   (no cloak)
rCorr    +         Harm     .   (no gloves)
MR       .....                  (no boots)
Stlth    ..........             (no amulet)
HPRegen  0.27/turn              u - ring of flight
MPRegen  0.12/turn              d - ring of stealth

@: berserking, corroded, very quick
A: blurry vision 1, negative energy resistance 1, electricity resistance, strong
1, unbreathing, petrification resistance, rot immunity, MP-powered wands, AC +8
a: Berserk, Trog's Hand, Brothers in Arms, Renounce Religion, Evoke Flight


You were on level 11 of the Dungeon.
You worshipped Trog.
Trog was extremely pleased with you.
You were near starving.

You visited 2 branches of the dungeon, and saw 12 of its levels.

You collected 441 gold pieces.

Inventory:

Hand Weapons
 b - a +1 battleaxe (weapon)
Armour
 k - a +1 hat (worn)
 m - quicksilver dragon scales
 n - a +2 plate armour
 v - +0 acid dragon scales (worn)
Jewellery
 d - a ring of stealth (right hand)
 u - a ring of flight (left hand)
Wands
 a - a wand of enslavement (11)
 f - a wand of digging (16)
 l - a wand of acid (7)
 s - a wand of scattershot (12)
 x - a wand of disintegration (1)
Scrolls
 g - 3 scrolls of identify
 h - 3 scrolls of fog
 j - 2 scrolls of teleportation
 r - 2 scrolls of remove curse
Potions
 e - a potion of magic
 i - a potion of resistance
 o - a potion of cancellation
 p - a potion of flight
 t - 2 potions of curing
Comestibles
 c - 15 rations


   Skills:
 + Level 8.1 Fighting
 + Level 11.8 Axes
 + Level 7.1 Armour
 + Level 5.7 Dodging
 + Level 3.8 Stealth


You had 10 spell levels left.
You didn't know any spells.
Your spell library was empty.

Dungeon Overview and Level Annotations

Branches:
Dungeon (11/15)            Temple (1/1) D:5            Lair (0/6) D:9
    Orc: D:9-12

Altars:
Ashenzari
Cheibriados
Dithmenos
Fedhas
Gozag
Hepliaklqana
Kikubaaqudgha
Makhleb
Nemelex Xobeh
Qazlal
Ru
Sif Muna
Trog
Uskayaw
Wu Jian


Innate Abilities, Weirdness & Mutations

You are resistant to torment.
Your stone body is resilient. (AC +8)
You are immune to poison.
You resist negative energy. (rN+)
You are resistant to electric shocks. (rElec)
You can survive without breathing.
You are immune to petrification.
You are immune to rotting.
Scrolls take you a little longer to read.
Your muscles are strong. (Str +2)
You expend magic power (3 MP) to strengthen your wands.


Message History

You hear a bellow! x2
You are too injured to fight recklessly!
Unknown command.
Unknown command.
You are too injured to fight recklessly!
A red film seems to cover your vision as you go berserk!
You feel yourself moving faster!
You feel mighty!
You are near starving!
The white ugly thing trunk-slaps you but does no damage.
The acid dragon spits acid at you. The splash of acid hits you! You resist.
The acid corrodes you!
You are splashed with acid!
The acid burns!
You resist.
You hear a bellow! x2
You slice the acid dragon!!
You kill the acid dragon!
Trog accepts your kill.
You barely miss the white ugly thing. The white ugly thing trunk-slaps you!
* * * LOW HITPOINT WARNING * * *
The white ugly thing freezes you!!
You die...

.......# #.# .......#
#.# .# ..# .......# #.#
.###..# .......# #.#
......# .......###.#
......# ...........#
......# ...........#
......#
...........######.......
.####...........@.......
.# #............u.....#
.# #.............$....#
.# #......#####.......#
.# #......# #.......# .
#......# #....<..#
#......# #.......#
#......# #..##...#


You could see a white ugly thing.

Vanquished Creatures
  2 two-headed ogres
  Maurice (D:9)
  A gargoyle (D:9)
  2 centaur skeletons (D:10)
  A hornet (D:7)
  2 hippogriffs
  Sigmund (D:6)
  A vampire (D:10)
  2 acid dragons
  2 phantoms
  4 sky beasts
  2 ice beasts
  4 ogres
  6 orc warriors
  2 centaurs
  4 bullfrogs
  A water moccasin zombie (D:9)
  A wyvern skeleton (D:9)
  2 scorpions (D:8)
  10 killer bees
  8 wights
  A howler monkey (D:5)
  5 crimson imps
  2 hounds
  A jelly (D:6)
  2 centaur zombies
  Crazy Yiuf (D:2)
  4 orc priests
  9 orc wizards
  Jessica (D:3)
  3 bullfrog skeletons
  Terence (D:3)
  A gnoll shaman (D:5)
  A worker ant (D:8)
  3 hound skeletons
  6 gnolls (D:5)
  A howler monkey skeleton (D:6)
  14 adders
  3 shadow imps
  2 oozes
  6 worms
  2 dart slugs
  3 leopard geckos
  42 orcs
  4 ball pythons
  6 giant cockroaches
  10 goblins
  10 hobgoblins
  4 jackals (D:3)
  4 quokkas
  13 bats
  8 frilled lizards
  6 kobolds
  A leopard gecko zombie (D:7)
  4 rats
243 creatures vanquished.

Vanquished Creatures (collateral kills)
  A hydra (D:10)
1 creature vanquished.

Vanquished Creatures (others)
  A plant (D:9)
1 creature vanquished.

Grand Total: 245 creatures vanquished

Notes
Turn   | Place    | Note
-------+----------+-------------------------------------------
     0 | D:1      | Fang the Gargoyle Berserker began the quest for the Orb.
     0 | D:1      | Reached XP level 1. HP: 14/14 MP: 1/1
    83 | D:1      | Found a snail-covered altar of Cheibriados.
   122 | D:1      | Reached XP level 2. HP: 19/19 MP: 2/2
   197 | D:1      | Reached skill level 3 in Axes
   550 | D:2      | Reached XP level 3. HP: 20/23 MP: 3/3
   630 | D:2      | Reached skill level 1 in Stealth
   643 | D:2      | Reached ** piety under Trog
   685 | D:2      | Reached XP level 4. HP: 15/29 MP: 4/4
   911 | D:2      | Found a runed door.
  1325 | D:2      | Noticed Crazy Yiuf
  1331 | D:2      | Killed Crazy Yiuf
  1563 | D:3      | Reached skill level 4 in Axes
  1563 | D:3      | Reached XP level 5. HP: 29/33 MP: 5/5
  1854 | D:3      | Noticed Jessica
  1873 | D:3      | Killed Jessica
  1892 | D:3      | Noticed Terence
  1910 | D:3      | Killed Terence
  2135 | D:3      | Reached *** piety under Trog
  2193 | D:3      | Reached XP level 6. HP: 35/38 MP: 6/6
  2579 | D:4      | Found an ancient bone altar of Kikubaaqudgha.
  2582 | D:4      | Found a hide-covered altar of Uskayaw.
  2582 | D:4      | Found an ornate altar of the Wu Jian Council.
  2584 | D:4      | Found a blossoming altar of Fedhas.
  2624 | D:4      | Found a shattered altar of Ashenzari.
  2775 | D:4      | Found a sacrificial altar of Ru.
  3220 | D:5      | Entered Level 5 of the Dungeon
  3290 | D:5      | Found a staircase to the Ecumenical Temple.
  3341 | D:5      | Reached skill level 5 in Axes
  3350 | Temple   | Entered the Ecumenical Temple
  3596 | D:5      | Found a shattered altar of Ashenzari.
  3711 | D:5      | Reached XP level 7. HP: 20/43 MP: 7/7
  4121 | D:5      | Reached skill level 6 in Axes
  4585 | D:6      | Noticed Sigmund
  4731 | D:6      | Reached **** piety under Trog
  4731 | D:6      | Reached XP level 8. HP: 42/48 MP: 8/8
  4853 | D:6      | Killed Sigmund
  4853 | D:6      | Reached skill level 5 in Fighting
  4853 | D:6      | Reached skill level 7 in Axes
  4853 | D:6      | Reached skill level 5 in Armour
  5221 | D:6      | Noticed a hippogriff
  5244 | D:6      | Killed a hippogriff
  5472 | D:6      | Reached XP level 9. HP: 54/54 MP: 9/9
  5770 | D:7      | Gained mutation: Scrolls take you a little longer to read.
                  | [potion of mutation]
  5770 | D:7      | Gained mutation: Your muscles are strong. (Str +2) [potion
                  | of mutation]
  5770 | D:7      | Gained mutation: You expend magic power (3 MP) to
                  | strengthen your wands. [potion of mutation]
  5814 | D:7      | Reached skill level 8 in Axes
  5893 | D:7      | Found a hazy altar of Hepliaklqana.
  5999 | D:7      | Noticed a hornet
  6010 | D:7      | Killed a hornet
  6707 | D:8      | Reached skill level 9 in Axes
  6755 | D:8      | Found a stormy altar of Qazlal.
  7034 | D:8      | Found a shadowy altar of Dithmenos.
  7456 | D:9      | Found an opulent altar of Gozag.
  7580 | D:9      | Reached XP level 10. HP: 37/61 MP: 10/10
  7762 | D:9      | Found a staircase to the Lair.
  7792 | D:9      | Noticed Maurice
  7857 | D:9      | Reached ***** piety under Trog
  7863 | D:9      | Killed Maurice
  7863 | D:9      | Reached skill level 10 in Axes
  7963 | D:9      | Noticed a two-headed ogre
  7973 | D:9      | Killed a two-headed ogre
  8737 | D:9      | Found a deep blue altar of Sif Muna.
  8737 | D:9      | Found a sparkling altar of Nemelex Xobeh.
  8738 | D:9      | Found a bloodstained altar of Trog.
  8782 | D:9      | Noticed a gargoyle
  8791 | D:9      | Killed a gargoyle
  8850 | D:9      | Found a burning altar of Makhleb.
  8978 | D:10     | Entered Level 10 of the Dungeon
  9072 | D:10     | Reached skill level 5 in Dodging
  9233 | D:10     | Reached skill level 11 in Axes
  9514 | D:10     | Reached XP level 11. HP: 65/67 MP: 11/11
  9557 | D:10     | Noticed a two-headed ogre
  9574 | D:10     | Killed a two-headed ogre
  9941 | D:10     | Noticed a six-headed hydra
  9947 | D:10     | Killed a six-headed hydra
 10397 | D:11     | Noticed a white ugly thing
 10409 | D:11     | Slain by a white ugly thing

Skill      XL: |  1  2  3  4  5  6  7  8  9 10 11 |
---------------+----------------------------------+-----
Axes           | 3 4 5 6 7 9 11 | 11.8
Stealth        | 1 2 3 |  3.8
Dodging        | 2 3 4 5 |  5.7
Fighting       | 4 5 6 7 8 |  8.1
Armour         | 3 4 5 6 7 |  7.1

Action                   |  1- 3 |  4- 6 |  7- 9 | 10-12 || total
-------------------------+-------+-------+-------+-------++-------
Melee: Hand axe          |   108 |   377 |   209 |       ||   694
       Battleaxe         |       |       |   136 |   241 ||   377
Invok: Berserk           |       |     2 |     5 |     7 ||    14
       Brothers in Arms  |       |       |       |     1 ||     1
  Use: Scroll            |       |       |    20 |     2 ||    22
       Potion            |       |       |     1 |       ||     1
 Stab: Sleeping          |     2 |       |     4 |     3 ||     9
  Eat: Chunk             |       |    10 |    15 |     8 ||    33
       Ration            |       |       |     1 |     2 ||     3
Armor: Animal skin       |     4 |       |       |       ||     4
       Ring mail         |    47 |    78 |       |       ||   125
       Quicksilver drago |       |   115 |   189 |    26 ||   330
       Acid dragon scale |       |       |       |   164 ||   164
Dodge: Dodged            |    70 |   221 |   199 |   262 ||   752
